 Dungeon Crawl Stone Soup version 0.26-a0-540-g8a0c9464d7 (webtiles) character file.

Game seed: 1444484920006597529

487 Murumi the Shield-Bearer (level 7, -2/56 HPs)
             Began as a Formicid Fighter on Aug 15, 2020.
             Killed by nerve-wracking pain
             ... invoked by an orc priest
              (14 damage)
             ... on level 4 of the Dungeon.
             The game lasted 00:14:27 (3553 turns).

Murumi the Shield-Bearer (Formicid Fighter)         Turns: 3553, Time: 00:14:27

Health: -2/56      AC:  9    Str: 21    XL:     7   Next: 36%
Magic:  7/7        EV:  8    Int:  7    God:
Gold:   218        SH:  5    Dex: 12    Spells: 6/6 levels left

rFire    . . .     SeeInvis +   a - +1 long sword
rCold    . . .     Faith    .   e - +0 buckler
rNeg     . . .     Spirit   .   k - +0 chain mail
rPois    .         Reflect  .   (helmet unavailable)
rElec    .         Harm     .   (no cloak)
rCorr    +                      (no gloves)
MR       .....                  (no boots)
Stlth    ..........             (no amulet)
HPRegen  0.18/turn              f - ring of resist corrosion
MPRegen  0.10/turn              (no ring)

@: no status effects
A: permanent stasis, dig shafts and tunnels, four strong arms, antennae 3
a: Dig, Shaft Self


You were on level 4 of the Dungeon.
You visited 1 branch of the dungeon, and saw 4 of its levels.

You collected 218 gold pieces.

Inventory:

Hand Weapons
 a - a +1 long sword (weapon)
Missiles
 h - 40 bolts
Armour
 c - a +1 kite shield
 e - a +0 buckler (worn)
 k - a +0 chain mail (worn)
Jewellery
 f - a ring of resist corrosion (left hand)
Scrolls
 j - a scroll of amnesia
 n - 4 scrolls of remove curse
Potions
 b - a potion of magic
 g - a potion of cancellation {unknown}
 i - a potion of brilliance
 l - a potion of heal wounds {unknown}
 m - a potion of invisibility {unknown}


   Skills:
 - Level 5.0 Fighting
 - Level 4.0 Long Blades
 - Level 5.0 Armour
 - Level 1.0 Dodging
 + Level 5.8 Shields


You had 6 spell levels left.
You didn't know any spells.
Your spell library contained the following spells:

 Spells                   Type           Power        Failure   Level
 Beastly Appendage        Tmut           #.....       99%         1
 Wereblood                Tmut           #.......     99%         2
 Spider Form              Tmut/Pois      #.........   100%        3
 Ice Form                 Ice/Tmut       #.......     100%        4
 Blade Hands              Tmut           #.........   100%        5


Dungeon Overview and Level Annotations

Branches:
Dungeon (4/15)
 Temple: D:4-7

Altars:
Dithmenos
Nemelex Xobeh
Yredelemnul


Innate Abilities, Weirdness & Mutations

You cannot be hasted, slowed, berserked, paralysed or teleported.
You can dig through walls and to a lower floor.
Your four strong arms can wield two-handed weapons with a shield.
You have a pair of large antennae on your head. (SInv)


Message History

* * * LOW HITPOINT WARNING * * *
You hit the orc priest.
The orc priest is severely wounded.
The orc priest calls down the wrath of Beogh upon you.
Beogh smites you!
* * * LOW HITPOINT WARNING * * *
You feel better. You block the orc priest's attack.
You hit the orc priest but do no damage.
The orc priest is severely wounded.
The orc priest barely misses you.
You riposte.
You barely miss the orc priest.
The orc priest is severely wounded.
You barely miss the orc priest.
The orc priest is severely wounded.
The orc priest hits you but does no damage.
You hit the orc priest but do no damage.
The orc priest is severely wounded.
The orc priest hits you but does no damage.
The orc priest invokes the aid of Beogh against you.
Pain shoots through your body!
You die...

#........############
##>.................##
. ##
##........<.######.....
..####.##..#......).#
#..###
#.....#(.##........#
#..##
##......###........#
#...# #......##
#........# #...#
#........# #.....####
#..##
#........#####@### #..#
.........†###o## ##.#
#..........###.### ###
##......#...#....###
####..####..........
#.# #........... ###
#.. #......o..... ##.##
#.# #...........#
##..## . #...........#
##...##


You could see an orc priest.

Vanquished Creatures
  Grinder (D:3)
  An orc priest (D:4)
  Jessica (D:3)
  An orc wizard (D:4)
  2 worker ants (D:4)
  3 adders
  A worm (D:2)
  A dart slug (D:3)
  5 leopard geckos
  10 orcs
  A ball python (D:3)
  11 giant cockroaches
  10 goblins
  8 hobgoblins
  6 jackals
  4 quokkas
  16 bats
  3 frilled lizards
  4 kobolds
  A leopard gecko skeleton (D:2)
  10 rats
  A plant (D:3)
101 creatures vanquished.

Notes
Turn   | Place    | Note
-------+----------+-------------------------------------------
     0 | D:1      | Murumi the Formicid Fighter began the quest for the Orb.
     0 | D:1      | Reached XP level 1. HP: 18/18 MP: 1/1
   140 | D:1      | Reached skill level 1 in Dodging
   186 | D:1      | Reached XP level 2. HP: 24/24 MP: 2/2
   441 | D:1      | Reached XP level 3. HP: 29/29 MP: 3/3
  1101 | D:2      | Found a basalt altar of Yredelemnul.
  1403 | D:2      | Reached XP level 4. HP: 35/37 MP: 4/4
  1922 | D:3      | Noticed Grinder
  1954 | D:3      | Killed Grinder
  1954 | D:3      | Reached skill level 5 in Shields
  1954 | D:3      | Reached skill level 5 in Fighting
  1954 | D:3      | Reached XP level 5. HP: 22/44 MP: 5/5
  1954 | D:3      | Reached XP level 6. HP: 26/51 MP: 6/6
  2127 | D:3      | Found a shadowy altar of Dithmenos.
  2314 | D:3      | Noticed Jessica
  2319 | D:3      | Killed Jessica
  2591 | D:3      | Reached XP level 7. HP: 53/56 MP: 7/7
  3055 | D:4      | Reached skill level 5 in Armour
  3416 | D:4      | Found a sparkling altar of Nemelex Xobeh.
  3549 | D:4      | HP: 2/56 [orc priest/divine providence (11)]
  3553 | D:4      | Killed from afar by an orc priest

Illustrated notes

Levels and vault maps discovered:
D:1:      dpeg_arrival_erosion, layout_basic, dk_noncrumbling_3
D:2:      minmay_angry_zag, layout_basic, lemuel_doored_altar
D:3:      layout_basic, nicolae_overflow_crystal_walls, serial_forest,
          infiniplex_forest_clump_large, infiniplex_forest_clump_curved,
          infiniplex_forest_end_double, infiniplex_forest_diagonal,
          infiniplex_forest_clump_small, uniq_jessica, uniq_grinder
D:4:      layout_cave_pods, lemuel_round_altar, serial_column_ruins,
          column_ruins_grid_1, column_ruins_columns_straight,
          column_ruins_open_tiny, column_ruins_grid_2

Skill      XL: |  1  2  3  4  5  6  7 |
---------------+----------------------+-----
Dodging        | 1 |  1.0
Shields        | 4 5 |  5.8
Long Blades    | 3 4 |  4.0
Fighting       | 4 5 |  5.0
Armour         | 4 5 |  5.0

Action                   |  1- 3 |  4- 6 |  7- 9 || total
-------------------------+-------+-------+-------++-------
Melee: Long sword        |   121 |   129 |    95 ||   345
 Abil: Dig               |       |     1 |     1 ||     2
  Use: Scroll            |     5 |     8 |     1 ||    14
       Potion            |       |     2 |     1 ||     3
Armor: Scale mail        |    47 |    48 |       ||    95
       Chain mail        |       |    21 |    22 ||    43
Dodge: Dodged            |    58 |    48 |    32 ||   138
Block: Kite shield       |    23 |       |       ||    23
       Buckler           |     9 |    30 |     9 ||    48
       Rpst.: Long sword |    19 |    14 |    11 ||    44

Table legend: (Time is in decaauts)
 A = Elapsed time spent in this place.
 B = Non-inter-level travel time spent in this place.
 C = Inter-level travel time spent in this place.
 D = Time resting spent in this place.
 E = Time spent auto-exploring this place.
 F = Levels seen in this place.
 G = Mean time per level.
                   A        B        C        D        E       F      G
               +--------+--------+--------+--------+--------+-----+--------+
         Total |   3642 |   3314 |    328 |    158 |   2271 |   4 |  910.5 |
       Dungeon |   3642 |   3314 |    328 |    158 |   2271 |   4 |  910.5 |
               +--------+--------+--------+--------+--------+-----+--------+

Top non-repeatable levels by time:
     D:3: 1222 daAuts
     D:1: 1054 daAuts
     D:2: 830 daAuts
     D:4: 535 daAuts
